 Dungeon Crawl Stone Soup version 0.28.0-43-g3370ac3207 (webtiles) character file.

Game seed: 4456256546215073945

763 pkoi the Firebug (level 7, -6/54 (55) HPs)
             Began as a Naga Fire Elementalist on Mar 22, 2022.
             Was an Initiate of Cheibriados.
             Mangled by a wight
             ... wielding a +1 vampiric trident
              (11 damage)
             ... on level 5 of the Dungeon.
             The game lasted 00:06:27 (6092 turns).

pkoi the Firebug (Naga Fire Elementalist)           Turns: 6092, Time: 00:06:28

HP:   -6/54 (55)    AC:  5    Str: 11    XL:     7   Next: 81%
MP:   1/11          EV: 10    Int: 19    God:    Cheibriados [......]
Gold: 207           SH:  0    Dex: 12    Spells: 2/12 levels left

rFire   . . .      SeeInvis +   s - +6 dire flail
rCold   . . .      Faith    .   (shield currently unavailable)
rNeg    . . .      Spirit   .   k - +0 robe {Will+}
rPois   +          Reflect  .   (no helmet)
rElec   .          Harm     .   (no cloak)
rCorr   .          Rampage  .   m - +1 pair of gloves
Will    +....                   (no barding)
Stlth   ++........              (no amulet)
HPRegen 0.18/turn               (no ring)
MPRegen 0.12/turn               (no ring)

@: lethally poisoned (-6 -> -9), hasted, lightly drained, slow
A: AC +2, large, see invisible, deformed body, poison resistance, slowness 2,
spit poison 1, naga tail 1
a: Spit Poison, Renounce Religion


You were on level 5 of the Dungeon.
You worshipped Cheibriados.
Cheibriados was noncommittal.
You visited 2 branches of the dungeon, and saw 6 of its levels.

You collected 207 gold pieces.

Inventory:

Hand Weapons
 d - a +0 hand axe
 s - a +6 dire flail (weapon)
Armour
 k - a +0 robe of willpower (worn)
 m - a +1 pair of gloves (worn)
Jewellery
 c - an amulet of reflection
 o - an amulet of the acrobat
Wands
 f - a wand of mindburst (5)
Scrolls
 j - a scroll of fear {unknown}
 p - a scroll of enchant armour
 q - a scroll of teleportation
 r - a scroll of fog
Potions
 a - a potion of cancellation {unknown}
 b - 6 potions of haste
 e - a potion of degeneration
 g - a potion of attraction {unknown}
 h - 3 potions of brilliance {unknown}
 i - a potion of invisibility {unknown}
 l - a potion of mutation {unknown}
 n - a potion of curing {unknown}


   Skills:
 - Level 1.5 Dodging
 - Level 3.0 Stealth
 - Level 3.0 Spellcasting
 + Level 5.2 Conjurations
 + Level 2.4 Hexes
 + Level 6.0 Fire Magic
 + Level 1.0 Invocations


You had 2 spell levels left.
You knew the following spells:

 Your Spells              Type           Power      Damage    Failure   Level
a - Foxfire               Conj/Fire      96%        2x1d8     1%          1
b - Scorch                Fire           50%        2d7       1%          2
c - Inner Flame           Hex/Fire       19%        N/A       8%          3
d - Flame Wave            Conj/Fire      24%        2d7       16%         4

Your spell library contained the following spells:

 Spells                   Type           Power      Damage    Failure   Level
 Freeze                   Ice            8%         1d3       16%         1
 Conjure Flame            Conj/Fire      24%        6-21      4%          3
 Frozen Ramparts          Ice            4%         1d2       41%         3
 Hailstorm                Conj/Ice       12%        3d5       45%         4
 Ice Form                 Ice/Tmut       2%         N/A       83%         4
 Summon Ice Beast         Ice/Summ       2%         N/A       83%         4


Dungeon Overview and Level Annotations

Branches:
Dungeon (5/15)             Temple (1/1) D:4

Altars:
Ashenzari
Cheibriados
Elyvilon
Fedhas
Gozag
Hepliaklqana
Makhleb
Nemelex Xobeh
Okawaru
Qazlal
Trog
Uskayaw
Vehumet
Wu Jian
Yredelemnul
Zin
The Shining One

Shops:
D:2 ?


Innate Abilities, Weirdness & Mutations

Your serpentine skin is tough. (AC +2)
You have supernaturally acute eyesight. (SInv)
Armour fits poorly on your strangely shaped body.
Your system is resistant to poisons. (rPois)
You cover ground very slowly.
You can spit poison.
You have a snake-like lower body.


Message History

You feel sick. The scorpion barely misses you. x2
Unknown command.
You puncture the scorpion!
You kill the scorpion!
Cheibriados thoroughly appreciates the change of pace.
You feel sick.
Your Fire Magic skill increases to level 6!
Your Invocations skill increases to level 1!
Unknown command.
You puncture the orc wizard!
The orc wizard is heavily wounded.
You feel sick.
The orc wizard hits you but does no damage.
The wight barely misses you.
Unknown command.
You completely miss the orc wizard.
The orc wizard is heavily wounded.
You feel sick.
The orc wizard casts a spell.
The orc wizard flickers and vanishes for a moment.
The wight hits you from afar with a +1 vampiric trident!
* * * LOW HITPOINT WARNING * * *
You feel drained.
* * * LOW HITPOINT WARNING * * *
The orc wizard points at you and mumbles some strange words.
You resist with almost no effort.
Unknown command.
It was a potion of haste.
You feel yourself speed up.
Cheibriados forgives your accidental hurry, just this once.
You have got your breath back.
You feel sick.
The wight hits you from afar with a +1 vampiric trident.
* * * LOW HITPOINT WARNING * * *
The orc wizard hits you with a +0 dagger.
* * * LOW HITPOINT WARNING * * *
Casting: Foxfire (safe; 1% risk of failure)
Press: ? - help, Q - select action, (/) - cycle Dir - look around, f - activate You conjure some foxfire!
The wight hits you from afar with a +1 vampiric trident!
You die...

#.......##.# #..≈≈P.P^≈
####.#####.###..^P#####
##.## #... ..####
#...###..#####
#.[........ #.).###..#
## ##.####..# ..
#.....vv##)###
#.#####@oz...# #.#
####...... #.. ..###
### ##


You could see a wight and an orc wizard (invisible, ally target).

Vanquished Creatures
  2 ogres
  A centaur (D:5)
  A scorpion (D:5)
  A water moccasin zombie (D:5)
  A water moccasin skeleton (D:3)
  2 wights (D:5)
  An orc priest (D:5)
  Jessica (D:3)
  Ijyb (D:3)
  A scorpion zombie (D:5)
  A hound skeleton (D:5)
  6 adders
  A worm (D:3)
  2 dart slugs
  14 orcs
  6 ball pythons
  8 bats
  3 endoplasms
  3 giant cockroaches
  5 goblins
  6 hobgoblins
  5 jackals
  7 kobolds
  3 quokkas
  A frilled lizard (D:1)
  4 rats
87 creatures vanquished.

Vanquished Creatures (others)
  286 foxfires
286 creatures vanquished.

Grand Total: 373 creatures vanquished

Notes
Turn   | Place    | Note
-------+----------+-------------------------------------------
     0 | D:1      | pkoi the Naga Fire Elementalist began the quest for the
                  | Orb.
     0 | D:1      | Reached XP level 1. HP: 15/15 MP: 3/3
   192 | D:1      | Reached XP level 2. HP: 22/22 MP: 0/5
   805 | D:1      | Learned a level 2 spell: Scorch
   988 | D:1      | Found a faded altar of an unknown god.
  1145 | D:1      | Reached XP level 3. HP: 28/28 MP: 2/6
  1795 | D:2      | Found Vuf Guehe's Magic Scroll Boutique.
  2320 | D:2      | Reached XP level 4. HP: 36/36 MP: 4/7
  2360 | D:2      | Learned a level 3 spell: Inner Flame
  2560 | D:3      | Reached skill level 4 in Fire Magic
  2560 | D:3      | Reached XP level 5. HP: 35/42 MP: 2/9
  2822 | D:3      | Noticed Ijyb
  2836 | D:3      | Killed Ijyb
  3601 | D:3      | Noticed Jessica
  3604 | D:3      | Killed Jessica
  4281 | D:4      | Learned a level 4 spell: Flame Wave
  4350 | D:4      | Noticed an ogre
  4358 | D:4      | Killed an ogre
  4359 | D:4      | Reached skill level 5 in Fire Magic
  4359 | D:4      | Reached XP level 6. HP: 34/49 MP: 1/10
  4951 | D:5      | Entered Level 5 of the Dungeon
  4968 | D:5      | Reached skill level 1 in Hexes
  5109 | D:5      | Reached XP level 7. HP: 55/55 MP: 4/11
  5533 | D:4      | Found a staircase to the Ecumenical Temple.
  5537 | Temple   | Entered the Ecumenical Temple
  5588 | Temple   | Became a worshipper of Cheibriados the Contemplative
  6005 | D:5      | Reached skill level 5 in Conjurations
  6089 | D:5      | Reached skill level 6 in Fire Magic
  6089 | D:5      | Reached skill level 1 in Invocations
  6092 | D:5      | Mangled by a wight

Illustrated notes

Levels and vault maps discovered:
D:1:      dpeg_arrival_simpleton_c, layout_rooms,
          hellmonk_ecumenical_altar_arch_garden, minmay_hexomino_u4
D:2:      layout_rooms, serial_aquarium, aquarium_bridge_square
          [aquarium_subvault_bridge, aquarium_subvault_bridge,
          aquarium_subvault_window, aquarium_subvault_bridge],
          aquarium_bridge_square [aquarium_subvault_balcony,
          aquarium_subvault_wall, aquarium_subvault_bridge,
          aquarium_subvault_bridge], aquarium_window_corner,
          aquarium_window_corridor_3, aquarium_view_2f, aquarium_view_2d,
          aquarium_balcony_1b, aquarium_pool_five, serial_shops,
          nicolae_diamond_shop
D:3:      layout_loops_corners, uniq_ijyb, uniq_jessica
D:4:      layout_rooms, minmay_temple_entry_from_below_a
D:5:      kennysheep_steamy, layout_loops_ring, chequers_jeans, uniq_eustachio
Temple:   minmay_crystal_spiral_temple

Skill      XL: |  1  2  3  4  5  6  7 |
---------------+----------------------+-----
Conjurations   | 2 3 4 5 |  5.2
Fire Magic     | 4 5 6 |  6.0
Spellcasting   | 3 |  3.0
Hexes          | 1 2 |  2.4
Invocations    | 1 |  1.0
Dodging        | |  1.5
Stealth        | |  3.0

Action                   |  1- 3 |  4- 6 |  7- 9 || total
-------------------------+-------+-------+-------++-------
Melee: Hand axe          |    21 |    28 |    12 ||    61
       Punch             |     3 |       |     1 ||     4
       Dire flail        |       |       |     6 ||     6
 Cast: Foxfire           |    61 |    86 |    18 ||   165
       Scorch            |       |       |     5 ||     5
 Abil: Spit Poison       |       |     3 |     1 ||     4
  Use: Scroll            |     4 |     5 |       ||     9
       Potion            |       |       |     1 ||     1
Armor: Robe              |     1 |    15 |    10 ||    26
Dodge: Dodged            |    20 |    13 |    20 ||    53
